 Dungeon Crawl Stone Soup version 0.30.1-4-g462c640d31 (webtiles) character file.

Game seed: 3236597878450997997

3860 rvierbuc the Digger (level 10, -4/74 HPs)
             Began as a Gnoll Wanderer on Aug 21, 2023.
             Slain by an orc warrior
             ... wielding a +0 trident
              (6 damage)
             ... on level 8 of the Dungeon.
             The game lasted 00:58:24 (9308 turns).

rvierbuc the Digger (Gnoll Wanderer)                Turns: 9308, Time: 00:58:24

Health: -4/74      AC:  4    Str:  9    XL:     10   Next: 18%
Magic:  28/28      EV: 13    Int: 26    God:
Gold:   449        SH:  0    Dex: 10    Spells: 17/21 levels left

rFire   x . .        F - +1 spear "Bewitim" {freeze, rPois rF- Will+ Int+4}
rCold   . . .        (no shield)
rNeg    . . .        d - +0 robe
rPois   +            m - +1 hat
rElec   .            b - +0 cloak
rCorr   .            (no gloves)
SInv    .            (no boots)
Will    +....        E - amulet of magic regeneration
Stlth   +++          j - ring of flight
HPRegen 0.32/turn    e - ring of magical power
MPRegen 0.61/turn

%: random rage (3%)
@: brilliant, about to teleport, flying
A: fangs 1, strong nose, distributed training, berserk 1, clever 1,
deterioration 1
a: no special abilities


You were on level 8 of the Dungeon.
You visited 2 branches of the dungeon, and saw 9 of its levels.
You also visited: Sewer.

You collected 449 gold pieces.

Inventory:

Hand Weapons
 a - a +2 sling
 u - a +1 dagger of venom
 F - the +1 spear "Bewitim" (weapon) {freeze, rPois rF- Will+ Int+4}
   (You found it on level 4 of the Dungeon)

   Int:       It affects your intelligence (+4).
   rF:        It makes you vulnerable to fire.
   rPois:     It protects you from poison.
   Will:      It increases your willpower.
 H - a +0 flail of distortion
 K - a +2 dagger of protection
Missiles
 w - 2 curare-tipped darts
 x - 5 atropa-tipped darts
 z - 34 poisoned darts
 B - a throwing net
Armour
 b - a +0 cloak (worn)
 d - a +0 robe (worn)
 m - a +1 hat (worn)
 r - a scarf of shadows
 N - +0 steam dragon scales
Magical Staves
 h - a staff of air
Jewellery
 e - a ring of magical power (right hand)
 g - an amulet of regeneration
 i - an amulet of guardian spirit
 j - a ring of flight (left hand)
 q - a ring of ice
 E - an amulet of magic regeneration (around neck)
Wands
 D - a wand of charming (12)
 L - a wand of roots (5)
 M - a wand of mindburst (12)
 P - a wand of flame (19)
Scrolls
 f - a scroll of fog
 l - a scroll of fear
 p - a scroll of enchant weapon
 s - a scroll of amnesia
 t - 3 scrolls of teleportation
 v - 3 scrolls of vulnerability
 y - 2 scrolls of magic mapping {unknown}
 A - 4 scrolls of enchant armour
 C - a scroll of torment
 G - a scroll of noise {unknown}
 I - a scroll of brand weapon {unknown}
 O - a scroll of identify
Potions
 c - 3 potions of attraction
 k - a potion of resistance
 n - a potion of degeneration
 o - a potion of berserk rage


   Skills:
 + Level 5.2 Fighting
 + Level 5.2 Short Blades
 + Level 5.2 Long Blades
 + Level 5.2 Axes
 + Level 5.2 Maces & Flails
 + Level 5.2 Polearms
 + Level 5.2 Staves
 + Level 7.0 Ranged Weapons
 + Level 5.9 Throwing
 + Level 5.2 Armour
 + Level 5.2 Dodging
 + Level 6.8 Stealth
 + Level 5.2 Shields
 + Level 5.2 Unarmed Combat
 + Level 6.0 Spellcasting
 + Level 4.3 Conjurations
 + Level 4.3 Hexes
 + Level 4.3 Summonings
 + Level 4.3 Necromancy
 + Level 4.3 Translocations
 + Level 4.3 Transmutations
 + Level 4.3 Fire Magic
 + Level 4.3 Ice Magic
 + Level 4.3 Air Magic
 + Level 7.0 Earth Magic
 + Level 4.3 Poison Magic
 + Level 5.7 Invocations
 + Level 5.9 Evocations


You had 17 spell levels left.
You knew the following spells:

 Your Spells              Type           Power      Damage    Failure   Level
a - Sandblast             Erth           100%       2d20      1%          1
b - Stone Arrow           Conj/Erth      100%       3d13      1%          3

Your spell library contained the following spells:

 Spells                   Type           Power      Damage    Failure   Level
 Apportation              Tloc           90%        N/A       1%          1
 Portal Projectile        Hex/Tloc       90%        N/A       3%          3
 Tukima's Dance           Hex            45%        N/A       3%          3
 Alistair's Intoxication  Tmut/Pois      30%        N/A       32%         5
 Blade Hands              Tmut           22%        N/A       32%         5


Dungeon Overview and Level Annotations

Branches:
Dungeon (8/15)             Temple (1/1) D:4           Sewer (visited)
   Lair: D:8-11

Altars:
Ashenzari
Dithmenos
Elyvilon
Fedhas
Gozag
Hepliaklqana
Kikubaaqudgha
Nemelex Xobeh
Ru
Sif Muna
Trog
Uskayaw
Vehumet
Wu Jian
Xom
Yredelemnul
Zin
The Shining One
Lugonu

Portals:
Bailey: D:8


Innate Abilities, Weirdness & Mutations

You have very sharp teeth.
Your uncanny sense of smell can sniff out nearby items.
Your experience applies equally to all skills.
You sometimes lose your temper in combat.
Your mind is acute. (Int +4, Str/Dex -1)
Your body sometimes deteriorates upon taking damage.


Message History

The orc warrior misses you. The steam dragon breathes steam at you.
The ball of steam misses you.
The orc hits you from afar with a +0 trident!
Casting: Stone Arrow (safe; 1% risk of failure)
Confirm with . or Enter, or press ? or * to list all spells.
Aiming: Stone Arrow (safe; 1% risk of failure)
Press: ? - help, Shift-Dir - straight line, f/p - steam dragon
Aim: a steam dragon (steam, almost dead, 74% to hit)
The stone arrow hits the steam dragon!
You kill the steam dragon!
The steam dragon scales are intact enough to wear.
You are engulfed in a cloud of scalding steam.
* * * LOW HITPOINT WARNING * * *
The orc warrior hits you from afar with a +0 trident!
* * * LOW HITPOINT WARNING * * *
An orc wizard comes into view. It is wielding a +0 dagger.
The orc closely misses you.
Okay, then.
You are engulfed in a cloud of scalding steam.
* * * LOW HITPOINT WARNING * * *
Found a kite shield.
Casting: Stone Arrow (safe; 1% risk of failure)
Confirm with . or Enter, or press ? or * to list all spells.
Aiming: Stone Arrow (safe; 1% risk of failure)
Press: ? - help, Shift-Dir - straight line, f - orc warrior
Aim: an orc warrior, wielding a +0 trident and wearing a +0 plate armour (74% to hit)
The stone arrow hits the orc warrior!
The orc warrior is moderately wounded.
The orc warrior hits you but does no damage.
Found a club.
A centaur comes into view.
As you read the scroll of teleportation, it crumbles to dust.
You feel strangely unstable.
The orc warrior hits you from afar with a +0 trident.
* * * LOW HITPOINT WARNING * * *
It was a potion of brilliance.
You feel clever all of a sudden.
The orc warrior hits you from afar with a +0 trident.
You die...

∆ ...c... ......o ..
....... .≈≈~≈≈. ...
....... .≈.>.≈. ....
....... .~.∩.~o ....
....... .≈..(≈o ..#
..)....#### .≈≈~≈≈g##..#
........@.##....gg§#..#
............## ##o.####
........o....# ##......#
.........o...# #.o....>.
.............# ##g.......
...........g####...).....
............###.........§
.........................
.........................


You could see an orc warrior, an orc and a goblin.

Vanquished Creatures
  Maggie (D:7)
  A steam dragon (D:8)
  2 orc warriors
  6 black bears
  A sky beast (D:7)
  A centaur (D:7)
  An ogre (D:5)
  3 bullfrogs
  6 kobold brigands
  4 scorpions
  9 wights
  4 killer bees
  An electric eel (D:6)
  A howler monkey (D:5)
  3 jellies
  4 orc priests
  3 hounds
  A gnoll bouda (D:5)
  3 iguanas
  2 sleepcaps
  5 orc wizards
  7 gnolls
  13 adders
  A shadow imp (D:7)
  A white imp (D:6)
  An ufetubus (D:7)
  5 worms
  5 dart slugs
  18 orcs
  7 endoplasms
  4 giant cockroaches
  9 goblins
  4 hobgoblins
  12 kobolds
  4 quokkas
  14 ball pythons
  3 bats
  5 frilled lizards
  6 rats
181 creatures vanquished.

Vanquished Creatures (collateral kills)
  A giant cockroach (D:4)
  A goblin (D:4)
  A ball python (D:4)
3 creatures vanquished.

Vanquished Creatures (others)
  A goblin (D:8)
  A quokka (D:7)
  A kobold (D:6)
3 creatures vanquished.

Grand Total: 187 creatures vanquished

Notes
Turn   | Place    | Note
-------+----------+-------------------------------------------
     0 | D:1      | rvierbuc the Gnoll Wanderer began the quest for the Orb.
     0 | D:1      | rvierbuc set off with the following items: a +2 sling, a +0
                  | cloak, a potion of attraction, a +0 robe; and the following
                  | spell memorised: Sandblast; and the following spells
                  | available to memorise: Stone Arrow.
     0 | D:1      | Reached XP level 1. HP: 13/13 MP: 4/4
   117 | D:1      | Reached XP level 2. HP: 19/19 MP: 5/5
   596 | D:2      | Reached XP level 3. HP: 25/25 MP: 7/7
   848 | D:2      | Reached skill level 1 in Invocations
  1026 | D:2      | Reached skill level 1 in Fighting
  1026 | D:2      | Reached skill level 1 in Short Blades
  1026 | D:2      | Reached skill level 1 in Long Blades
  1026 | D:2      | Reached skill level 1 in Axes
  1026 | D:2      | Reached skill level 1 in Maces & Flails
  1026 | D:2      | Reached skill level 1 in Polearms
  1026 | D:2      | Reached skill level 1 in Staves
  1026 | D:2      | Reached skill level 1 in Armour
  1026 | D:2      | Reached skill level 1 in Dodging
  1026 | D:2      | Reached skill level 1 in Shields
  1026 | D:2      | Reached skill level 1 in Unarmed Combat
  1030 | D:2      | Reached XP level 4. HP: 21/32 MP: 5/8
  1191 | D:2      | Reached skill level 1 in Conjurations
  1191 | D:2      | Reached skill level 1 in Hexes
  1191 | D:2      | Reached skill level 1 in Summonings
  1191 | D:2      | Reached skill level 1 in Necromancy
  1191 | D:2      | Reached skill level 1 in Translocations
  1191 | D:2      | Reached skill level 1 in Transmutations
  1191 | D:2      | Reached skill level 1 in Fire Magic
  1191 | D:2      | Reached skill level 1 in Ice Magic
  1191 | D:2      | Reached skill level 1 in Air Magic
  1191 | D:2      | Reached skill level 1 in Poison Magic
  1526 | D:3      | Found a shimmering altar of Xom.
  1608 | D:3      | Found a glowing drain.
  1612 | Sewer    | Entered a sewer
  1709 | Sewer    | Reached XP level 5. HP: 36/37 MP: 7/9
  1730 | Sewer    | Noticed a kobold brigand
  1745 | Sewer    | Killed a kobold brigand
  2206 | Sewer    | Reached XP level 6. HP: 36/44 MP: 4/11
  2279 | Sewer    | Reached skill level 5 in Ranged Weapons
  2643 | Sewer    | Reached XP level 7. HP: 30/51 MP: 6/12
  3018 | D:3      | Found a radiant altar of Vehumet.
  3018 | D:3      | Found a glowing silver altar of Zin.
  3588 | D:4      | Reached skill level 5 in Stealth
  3685 | D:4      | Found an ornate altar of the Wu Jian Council.
  3789 | D:4      | Found a sacrificial altar of Ru.
  3827 | D:4      | Found an opulent altar of Gozag.
  3882 | D:4      | Identified the +1 spear "Bewitim" {freeze, rPois rF- Will+
                  | Int+4}
  3951 | D:4      | Learned a level 3 spell: Stone Arrow
  4079 | D:4      | Found a glowing golden altar of the Shining One.
  4286 | D:4      | Reached XP level 8. HP: 27/58 MP: 4/14
  4300 | D:4      | Gained mutation: Your body sometimes deteriorates upon
                  | taking damage. [potion of mutation]
  4300 | D:4      | Gained mutation: Your mind is acute. (Int +4, Str/Dex -1)
                  | [potion of mutation]
  4300 | D:4      | Gained mutation: You sometimes lose your temper in combat.
                  | [potion of mutation]
  4300 | D:4      | HP: 2/58 [bullfrog (1)]
  4574 | D:4      | Found a staircase to the Ecumenical Temple.
  4724 | Temple   | Entered the Ecumenical Temple
  4865 | D:5      | Entered Level 5 of the Dungeon
  5877 | D:5      | Reached XP level 9. HP: 52/65 MP: 7/16
  6056 | D:5      | Reached skill level 5 in Spellcasting
  6812 | D:6      | Reached skill level 5 in Throwing
  6812 | D:6      | Reached skill level 5 in Evocations
  7299 | D:6      | Found a hazy altar of Hepliaklqana.
  7380 | D:6      | Reached skill level 5 in Invocations
  7885 | D:7      | Found a white marble altar of Elyvilon.
  7920 | D:6      | HP: 2/66 [something (5)]
  8686 | D:7      | Noticed Maggie
  8696 | D:7      | Killed Maggie
  8697 | D:7      | Reached skill level 5 in Fighting
  8697 | D:7      | Reached skill level 5 in Short Blades
  8697 | D:7      | Reached skill level 5 in Long Blades
  8697 | D:7      | Reached skill level 5 in Axes
  8697 | D:7      | Reached skill level 5 in Maces & Flails
  8697 | D:7      | Reached skill level 5 in Polearms
  8697 | D:7      | Reached skill level 5 in Staves
  8697 | D:7      | Reached skill level 5 in Armour
  8697 | D:7      | Reached skill level 5 in Dodging
  8697 | D:7      | Reached skill level 5 in Shields
  8697 | D:7      | Reached skill level 5 in Unarmed Combat
  8697 | D:7      | Reached XP level 10. HP: 59/74 MP: 16/18
  8751 | D:7      | Found a sparkling altar of Nemelex Xobeh.
  8829 | D:7      | Found a blossoming altar of Fedhas.
  9134 | D:7      | Found an ancient bone altar of Kikubaaqudgha.
  9281 | D:8      | Found a flagged portal.
  9291 | D:8      | HP: 2/74 [something (9)]
  9306 | D:8      | HP: 2/74 [orc warrior/+0 trident (6)]
  9308 | D:8      | Slain by an orc warrior

Illustrated notes

Levels and vault maps discovered:
D:1:      elethiomel_arrival_quiet, layout_rooms
D:2:      layout_basic
D:3:      layout_basic, old_standard_altar, gammafunk_temple_overflow_statue,
          serial_forest, infiniplex_forest_end_2, infiniplex_forest_clump_tiny,
          infiniplex_forest_clump_small, infiniplex_forest_lined_3,
          infiniplex_forest_end_3, infiniplex_forest_lined_3,
          gup_sewer_entry_bowl, minmay_misc_feat_five,
          chequers_serial_rivers_micro_c, kennysheep_minor_cross
D:4:      layout_rooms, nicolae_wu_jian_immortal_techniques,
          amcnicky_altar_gilded, mainiacjoe_overflow_boulevard,
          nicolae_tso_swordbearing_angel, temple_green,
          chequers_serial_rivers_room_a, minmay_divided_ellipse
D:5:      layout_basic
D:6:      cheibrodos_helix_gallery, layout_loops_ring,
          mainiacjoe_overflow_chevrons, kennysheep_generic_room_5
D:7:      layout_rooms, general_overflow_altar, nicolae_overflow_crystal_walls,
          elyvilon_altar_4, nemelex_diamond_rough_becter,
          minmay_misc_feat_roman, uniq_maggie
D:8:      layout_cave_pods, enter_bailey_5, chequers_serial_rivers_micro_c,
          kennysheep_generic_room_15, uniq_prince_ribbit1, uniq_gastronok
Temple:   corrupted_temple

Skill      XL: |  1  2  3  4  5  6  7  8  9 10 |
---------------+-------------------------------+-----
Invocations    | 1 2 3 4 5 |  5.7
Fighting       | 1 2 3 5 |  5.2
Short Blades   | 1 2 3 5 |  5.2
Long Blades    | 1 2 3 5 |  5.2
Axes           | 1 2 3 5 |  5.2
Maces & Flails | 1 2 3 5 |  5.2
Polearms       | 1 2 3 5 |  5.2
Staves         | 1 2 3 5 |  5.2
Armour         | 1 2 3 5 |  5.2
Dodging        | 1 2 3 5 |  5.2
Shields        | 1 2 3 5 |  5.2
Unarmed Combat | 1 2 3 5 |  5.2
Spellcasting   | 3 4 5 6 |  6.0
Conjurations   | 1 2 3 4 |  4.3
Hexes          | 1 2 3 4 |  4.3
Summonings     | 1 2 3 4 |  4.3
Necromancy     | 1 2 3 4 |  4.3
Translocations | 1 2 3 4 |  4.3
Transmutations | 1 2 3 4 |  4.3
Fire Magic     | 1 2 3 4 |  4.3
Ice Magic      | 1 2 3 4 |  4.3
Air Magic      | 1 2 3 4 |  4.3
Poison Magic   | 1 2 3 4 |  4.3
Throwing       | 3 4 5 |  5.9
Evocations     | 3 4 5 |  5.9
Ranged Weapons | 5 6 7 |  7.0
Stealth        | 5 6 |  6.8
Earth Magic    | 6 7 |  7.0

Action                     |  1- 3 |  4- 6 |  7- 9 | 10-12 || total
---------------------------+-------+-------+-------+-------++-------
  Melee: Spear             |       |       |   219 |    31 ||   250
         Bite              |       |       |    24 |     1 ||    25
         Punch             |       |       |     7 |     2 ||     9
   Fire: Sling             |    95 |   143 |    46 |       ||   284
   Cast: Sandblast         |       |    21 |    55 |       ||    76
         Stone Arrow       |       |       |    75 |    10 ||    85
  Evoke: Wand              |       |       |     2 |       ||     2
    Use: Potion            |       |     1 |     8 |     1 ||    10
         Scroll            |       |       |     8 |     2 ||    10
   Stab: Sleeping          |       |       |       |     1 ||     1
 Armour: Robe              |     2 |    11 |    59 |    10 ||    82
  Dodge: Dodged            |    10 |    47 |   198 |    40 ||   295
